Map: Disco Bloodbath LE

Players

Reynor

  • Race: Zerg Zerg
  • League: Master
  • Spawn Location: 9:00

TSGNice (Nice) - Winner!

  • Race: Protoss Protoss
  • Spawn Location: 3:00

Event: NationWars 2019

VOD

Have the link to the VOD?

Description

Time

  • Played on: Nov. 15, 2019, 12:44 p.m.
  • Length: 10:58

All games in this series

Show
View Real Time Build Order
Export as new Build Order

Reynor Zerg 

Build Orders: Hatch First 

Get SALT Encoding   

  12  0:00  Drone  
  13  0:13  Overlord  
  13  0:16  Drone  
  14  0:31  Drone x2  
  16  0:48  Hatchery  
  15  0:51  Drone  
  15  0:55  Drone  
  17  0:58  Drone  
  18  1:07  Drone  
  18  1:09  Extractor  
  18  1:21  Drone, Spawning Pool  
  18  1:29  Drone  
  19  1:40  Drone  
  20  2:11  Zergling x8  
  20  2:14  Zergling x2  
  27  2:20  Spine Crawler  
  23  2:37  Hatchery  
  22  2:47  Queen  
  25  2:55  Overlord  
  24  3:15  Drone x3  
  26  3:21  Drone x2  
  28  3:30  Hatchery  
  28  3:34  Drone  
  25  3:42  Metabolic Boost  
  25  3:43  Zergling x2  
  26  3:50  Drone  
  26  3:54  Queen  
  29  3:57  Zergling x2  
  29  4:01  Drone  
  31  4:11  Spine Crawler, Drone  
  31  4:12  Zergling x2  
  31  4:13  Zergling x2  
  33  4:18  Overlord  
  32  4:25  Zergling x2  
  32  4:27  Drone x2  
  33  4:35  Drone x2  
  35  4:39  Queen  
  35  4:43  Drone  
  36  4:48  Spore Crawler  
  36  4:52  Spore Crawler  
  34  4:54  Drone  
  34  4:56  Drone  
  36  5:03  Zergling x4  
  36  5:05  Zergling x2  
  37  5:08  Drone  
  37  5:11  Drone  
  37  5:14  Drone  
  38  5:16  Drone  
  39  5:23  Zergling x4  
  39  5:27  Drone x2  
  39  5:29  Drone  
  39  5:31  Drone  
  41  5:36  Drone  
  41  5:41  Drone x2  
  43  5:51  Drone  
  43  5:55  Spore Crawler  
  43  5:56  Spore Crawler, Drone  
  43  6:00  Drone  
  43  6:01  Drone x2  
  45  6:05  Drone  
  45  6:06  Drone  
  47  6:12  Queen  
  47  6:15  Drone  
  50  6:18  Overlord  
  50  6:21  Overlord  
  50  6:23  Overlord  
  48  6:26  Drone  
  48  6:27  Drone  
  48  6:29  Drone  
  50  6:39  Queen  
  46  6:43  Drone  
  46  6:44  Drone  
  46  6:46  Drone x3  
  53  6:49  Drone x2  
  53  6:51  Drone  
  56  6:57  Drone x3  
  51  7:02  Drone x2  
  51  7:04  Drone  
  52  7:09  Queen  
  54  7:16  Zergling x6  
  54  7:21  Zergling x4  
  59  7:25  Zergling x6  
  59  7:28  Queen  
  59  7:29  Drone  
  64  7:31  Overlord  
  64  7:35  Drone x3  
  65  7:37  Drone  
  65  7:40  Drone x2  
  65  7:43  Drone x2  
  70  7:45  Spore Crawler  
  70  7:48  Queen  
  70  7:52  Drone  
  70  7:53  Drone  
  70  7:54  Drone  
  70  7:58  Overlord  
  73  7:59  Drone x3  
  73  8:03  Drone x3  
  79  8:08  Queen, Evolution Chamber  
  80  8:13  Overlord  
  80  8:18  Drone x2  
  82  8:20  Spore Crawler, Drone  
  82  8:23  Overlord  
  82  8:26  Lair, Extractor  
  81  8:27  Extractor  
  81  8:30  Drone x3  
  81  8:33  Overlord  
  80  8:35  Drone x6  
  80  8:36  Drone  
  80  8:39  Extractor  
  80  8:40  Drone x2  
  88  8:54  Roach Warren  
  88  8:55  Hatchery  
  86  8:56  Extractor  
  86  8:57  Drone  
  86  8:59  Extractor  
  84  9:06  Drone  
  85  9:11  Overlord  
  85  9:16  Zergling x20  
  95  9:20  Queen  
  96  9:29  Hydralisk Den, Overlord x2  
  94  9:34  Roach x8  
  94  9:35  Roach  
  112  9:42  Roach  
  112  9:43  Zergling x4  
  110  9:46  Roach  
  110  9:50  Roach x2  
  105  9:55  Zergling x12  
  105  9:57  Zergling x2, Roach  
  90  10:00  Ravager x2  
  90  10:02  Ravager x3  
  90  10:03  Ravager  
  90  10:04  Zergling x2  
  91  10:11  Zergling x8  
  91  10:13  Roach  
  88  10:15  Zergling x2  
  88  10:18  Zergling x4  
  88  10:20  Zergling x2  
  87  10:21  Zergling x2  
  87  10:25  Zergling x2, Roach  
  84  10:29  Zergling x4  
  84  10:31  Zergling x4  
  84  10:35  Zergling x6  
Show
View Real Time Build Order
Export as new Build Order

TSGNice Protoss - Winner!

Build Orders:  

Get SALT Encoding   

  12  0:01  Probe  
  13  0:13  Probe  
  14  0:21  Pylon  
  14  0:25  Probe  
  15  0:39  Probe (Chrono Boost), Gateway  
  17  0:50  Assimilator  
  17  0:51  Probe (Chrono Boost)  
  17  0:56  Probe (Chrono Boost)  
  18  1:02  Forge  
  18  1:06  Probe  
  19  1:18  Probe  
  20  1:28  Pylon  
  20  1:30  Pylon  
  20  1:32  Pylon  
  20  1:46  Photon Cannon  
  20  1:50  Photon Cannon  
  20  1:53  Pylon  
  20  2:07  Photon Cannon  
  20  2:09  Photon Cannon  
  20  2:21  Photon Cannon  
  20  2:25  Cybernetics Core  
  20  2:28  Zealot (Chrono Boost)  
  22  2:40  Probe  
  23  2:47  Assimilator  
  23  2:49  Photon Cannon  
  23  2:53  Probe (Chrono Boost)  
  24  2:58  Assimilator  
  24  3:04  Adept (Chrono Boost)  
  24  3:05  Probe (Chrono Boost)  
  27  3:11  Probe (Chrono Boost)  
  28  3:19  Probe  
  29  3:27  Stargate  
  31  3:36  Probe  
  28  3:50  Nexus  
  28  3:58  Adept  
  28  4:01  Probe  
  31  4:16  Pylon  
  31  4:34  Oracle (Chrono Boost), Probe  
  31  4:38  Shield Battery  
  35  4:46  Probe  
  35  4:47  Warp Gate  
  35  4:49  Adept  
  38  4:59  Probe  
  39  5:04  Oracle (Chrono Boost)  
  42  5:10  Probe  
  42  5:11  Probe  
  42  5:13  Shield Battery  
  44  5:17  Shield Battery  
  44  5:22  Probe  
  44  5:23  Probe  
  42  5:31  Oracle (Chrono Boost)  
  42  5:34  Probe  
  42  5:35  Probe  
  46  5:39  Assimilator  
  46  5:41  Pylon, Assimilator  
  46  5:46  Probe  
  46  5:47  Probe  
  48  5:56  Oracle (Chrono Boost)  
  48  5:58  Probe  
  48  6:02  Probe  
  51  6:09  Gateway  
  51  6:10  Probe  
  52  6:13  Gateway  
  52  6:17  Pylon  
  52  6:21  Pylon, Probe  
  53  6:25  Oracle (Chrono Boost)  
  56  6:33  Probe  
  57  6:40  Probe, Zealot  
  57  6:45  Pylon  
  60  6:54  Oracle (Chrono Boost)  
  60  7:05  Adept x2  
  64  7:12  Robotics Facility  
  64  7:14  Zealot  
  66  7:21  Nexus  
  66  7:23  Pylon, Void Ray (Chrono Boost)  
  66  7:26  Pylon, Probe  
  66  7:28  Probe  
  66  7:38  Probe  
  66  7:40  Probe  
  68  7:44  Protoss Ground Weapons Level 1  
  68  7:47  Sentry x3  
  68  7:50  Probe  
  75  7:53  Shield Battery  
  75  7:55  Pylon  
  75  8:04  Immortal (Chrono Boost)  
  79  8:08  Gateway  
  79  8:09  Gateway  
  79  8:11  Gateway  
  79  8:17  Gateway  
  79  8:21  Gateway  
  79  8:27  Sentry x3  
  82  8:34  Warp Prism (Chrono Boost)  
  82  8:37  Probe  
  82  8:41  Probe x2  
  87  8:53  Sentry x3  
  93  8:56  Probe x2  
  93  8:58  Photon Cannon  
  93  9:00  Pylon  
  95  9:14  Zealot  
  95  9:23  Stalker x5  
  103  9:25  Stalker  
  103  9:27  Sentry  
  107  9:37  Observer  
  108  9:49  Stalker x2  
  108  9:50  Stalker x3  
  109  10:07  Stalker x3  
  107  10:14  Stalker x3  
  107  10:15  Stalker x4  
  105  10:41  Stalker x5  
  105  10:42  Stalker x2  
Tags
 
Add a new tag
Caveats
  • Supply blocks, unpowered buildings, or Contaminate may cause inaccurate times.
  • Supply counts are checked every 10 seconds.